 Dungeon Crawl Stone Soup version 0.31-a0-233-g139696dc86 (webtiles) character file.

Game seed: 7850861430130298551

112 qw the Shooter (level 4, -4/36 HPs)
             Began as a Minotaur Hexslinger on July 7, 2023.
             Slain by an orc priest
             ... wielding a +0 trident
              (6 damage)
             ... on level 3 of the Dungeon.
             The game lasted 00:00:48 (1981 turns).

qw the Shooter (Minotaur Hexslinger)                Turns: 1981, Time: 00:00:49

Health: -4/36      AC:  5    Str: 13    XL:     4   Next: 64%
Magic:  4/4        EV: 11    Int: 10    God:
Gold:   141        SH:  0    Dex: 14    Spells: 4/5 levels left

rFire   . . .        Y - +1 sling
rCold   . . .        (no shield)
rNeg    . . .        e - +0 ring mail
rPois   .            (helmet restricted)
rElec   .            (no cloak)
rCorr   .            (no gloves)
SInv    .            (no boots)
Will    .....        d - amulet of faith
Stlth   +            (no ring)
HPRegen 0.26/turn    (no ring)
MPRegen 0.09/turn

%: faith
@: no status effects
A: horns 2, retaliatory headbutt
a: no special abilities


You were on level 3 of the Dungeon.
You visited 1 branch of the dungeon, and saw 3 of its levels.

You collected 141 gold pieces.


Innate Abilities, Weirdness & Mutations

You have a pair of horns on your head.
You reflexively headbutt those who attack you in melee.


   Skills:
 - Level 2.0 Fighting
 + Level 4.8 Ranged Weapons
 - Level 1.9 Armour
 - Level 2.1 Dodging
 - Level 1.0 Spellcasting
 - Level 2.0 Hexes


You had 4 spell levels left.
You knew the following spells:

 Your Spells              Type           Power      Damage    Failure   Level
a - Slow                  Hex            16%        N/A       32%         1

Your spell library contained the following spells:

 Spells                   Type           Power      Damage    Failure   Level
 Inner Flame              Hex/Fire       2%         N/A       82%         3
 Portal Projectile        Hex/Tloc       4%         N/A       82%         3
 Cause Fear               Hex            2%         N/A       97%         4

Inventory:

Hand Weapons
 Y - a +1 sling (weapon)
Armour
 e - a +0 ring mail (worn)
Jewellery
 d - an amulet of faith (around neck)
Scrolls
 a - a scroll of identify
Potions
 g - a potion of curing

Dungeon Overview and Level Annotations

Branches:
Dungeon (3/15)

Altars:

Shops:
D:3 (


Message History

Enter note:
Enter note:
Enter note:
Enter note: You shoot a sling bullet.
The sling bullet hits the orc.
The orc is moderately wounded.
An orc priest comes into view. It is wielding a +0 trident.
You shoot a sling bullet.
The sling bullet closely misses the orc.
You shoot a sling bullet.
The sling bullet closely misses the orc.
You shoot a sling bullet. The sling bullet hits the orc.
The orc is heavily wounded.
You shoot a sling bullet.
The sling bullet closely misses the orc.
The orc closely misses you.
You shoot a sling bullet. The sling bullet hits the orc.
The orc is severely wounded.
The orc hits you with a +0 mace. The orc priest barely misses you.
The orc hits you with a +0 dagger.
You shoot a sling bullet. The sling bullet hits the orc.
You kill the orc!
The orc priest mumbles some strange prayers to Beogh against you.
Pain shoots through your body! The orc barely misses you.
You furiously retaliate!
You headbutt the orc. You shoot a sling bullet. The sling bullet hits the orc!
You kill the orc!
The orc priest hits you but does no damage.
An orc comes into view. It is wielding a +1 dagger of venom.
The orc priest mumbles some strange prayers to Beogh against you.
Pain shoots through your body!
You shoot a sling bullet. The orc shouts!
The sling bullet hits the orc priest but does no damage.
The orc priest calls down the wrath of Beogh upon you.
Beogh smites you!
You shoot a sling bullet.
The sling bullet barely misses the orc priest.
The orc priest hits you from afar with a +0 trident.
You die...

#.#.######...........##..#.....
#..................).....#..#...
......####..#...............#...
.........#........###....#..# ..
.........#..#.....# #....##.#
.........#........###.#..# ...
##########..#..........)... ##
#....o)..#.###.###
##+#.#)@.....# ...........###
....##........# ... #........#
.. ....%.##.# $ .#.!.... .#
.###.#.## # ...#


You could see an orc priest.

Vanquished Creatures
  Ijyb (D:3)
  4 adders (D:2)
  2 worms (D:2)
  2 dart slugs (D:2)
  2 orcs (D:3)
  4 bats
  4 endoplasms
  A giant cockroach (D:2)
  2 goblins
  2 hobgoblins (D:2)
  6 jackals (D:1)
  A quokka (D:1)
  4 ball pythons
  2 frilled lizards
  2 kobolds (D:1)
  2 rats
41 creatures vanquished.

Notes
Turn   | Place    | Note
-------+----------+-------------------------------------------
     0 | D:1      | qw the Minotaur Hexslinger began the quest for the Orb.
     0 | D:1      | Reached XP level 1. HP: 16/16 MP: 1/1
     0 | D:1      | 0 ||| qw: Version: 0.3-a-46-gb1f654a
     0 | D:1      | 0 ||| qw: Game counter: 3175
     0 | D:1      | 0 ||| qw: Melee chars always use a shield: true
     0 | D:1      | 0 ||| qw: God list: Okawaru
     0 | D:1      | 0 ||| qw: Allow faded altars: false
     0 | D:1      | 0 ||| qw: Do Orc after clearing Dungeon:15 true
     0 | D:1      | 0 ||| qw: Do second Lair branch before Depths: true
     0 | D:1      | 0 ||| qw: Lair rune preference: random
     0 | D:1      | 0 ||| qw: Goals: Normal
     0 | D:1      | 0 ||| PLANNING D:1-11
   131 | D:1      | Reached skill level 3 in Ranged Weapons
   134 | D:1      | Reached XP level 2. HP: 23/23 MP: 2/2
   264 | D:1      | Found Punaing's Antique Weapon Shop.
   779 | D:1      | 779 ||| UPGRADING to amulet of faith.
   784 | D:1      | 784 ||| READING 2 scrolls labelled WAOGHE HUIH.
   785 | D:1      | 785 ||| READING scroll labelled FIEWNA YTHROIT COSI.
   786 | D:1      | 786 ||| DROPPING scroll of poison.
   848 | D:2      | Reached XP level 3. HP: 29/29 MP: 3/3
   920 | D:2      | Reached skill level 4 in Ranged Weapons
  1126 | D:2      | 1126 ||| READING scroll labelled GUN BYSTREIZASM.
  1129 | D:2      | 1129 ||| READING scroll labelled REHUIT YBOUSOL.
  1130 | D:2      | 1130 ||| DRINKING 2 bubbling coppery potions.
  1131 | D:2      | 1131 ||| READING 2 scrolls of identify.
  1131 | D:2      | 1131 ||| IDENTIFYING glowing clear potion
  1132 | D:2      | 1132 ||| DROPPING potion of ambrosia.
  1142 | D:2      | 1142 ||| STAIRDANCE
  1146 | D:2      | 1146 ||| STAIRDANCE
  1150 | D:2      | 1150 ||| STAIRDANCE
  1154 | D:2      | 1154 ||| STAIRDANCE
  1158 | D:2      | 1158 ||| STAIRDANCE
  1162 | D:2      | 1162 ||| STAIRDANCE
  1166 | D:2      | 1166 ||| STAIRDANCE
  1170 | D:2      | 1170 ||| STAIRDANCE
  1174 | D:2      | 1174 ||| STAIRDANCE
  1178 | D:2      | 1178 ||| STAIRDANCE
  1182 | D:2      | 1182 ||| STAIRDANCE
  1186 | D:2      | 1186 ||| STAIRDANCE
  1190 | D:2      | 1190 ||| STAIRDANCE
  1194 | D:2      | 1194 ||| STAIRDANCE
  1198 | D:2      | 1198 ||| STAIRDANCE
  1202 | D:2      | 1202 ||| STAIRDANCE
  1206 | D:2      | 1206 ||| STAIRDANCE
  1210 | D:2      | 1210 ||| STAIRDANCE
  1214 | D:2      | 1214 ||| STAIRDANCE
  1218 | D:2      | 1218 ||| STAIRDANCE
  1335 | D:2      | Reached XP level 4. HP: 36/36 MP: 4/4
  1627 | D:2      | 1627 ||| UPGRADING to +0 leather armour.
  1637 | D:2      | 1637 ||| DROPPING +0 robe.
  1638 | D:2      | 1638 ||| UPGRADING to +0 ring mail.
  1648 | D:2      | 1648 ||| DROPPING +0 leather armour.
  1713 | D:3      | Found Vast's Weapon Shop.
  1744 | D:3      | Noticed Ijyb
  1765 | D:3      | HP: 6/36 [Ijyb/+0 club (5)]
  1772 | D:3      | Killed Ijyb
  1773 | D:3      | Reached skill level 1 in Armour
  1979 | D:3      | HP: 9/36 [orc priest/nerve-wracking pain (8)]
  1980 | D:3      | HP: 2/36 [orc priest/divine providence (7)]
  1981 | D:3      | Slain by an orc priest

Levels and vault maps discovered:
D:1:      spicycebolla_arrival_ecumenical, layout_basic, serial_shops, shop,
          chequers_serial_rivers_micro_a
D:2:      layout_basic, nicolae_half_adder
D:3:      layout_basic, serial_shops, shop, uniq_ijyb

Skill      XL: |  1  2  3  4 |
---------------+-------------+-----
Ranged Weapons | 3 4 |  4.8
Fighting       | 2 |  2.0
Armour         | 1 |  1.9
Dodging        | |  2.1
Spellcasting   | |  1.0
Hexes          | |  2.0

Action                     |  1- 3 |  4- 6 || total
---------------------------+-------+-------++-------
   Fire: Sling             |    90 |    77 ||   167
    Use: Scroll            |     5 |       ||     5
         Potion            |     1 |       ||     1
 Armour: Robe              |     2 |       ||     2
         Ring mail         |       |    14 ||    14
  Dodge: Dodged            |    17 |    23 ||    40

Table legend:
 A = Non-vault XP
 B = Vault XP
 C = Vault XP percentage of total XP
 D = Non-vault monster count
 E = Vault monster count
 F = Vault count percentage of total count
                 A         B        C        D         E       F
            +---------+---------+-------+---------+---------+-------
      Total |      99 |      62 |  38.5 |      38 |       3 |   7.3
            +---------+---------+-------+---------+---------+-------
        D:1 |      28 |       0 |   0.0 |      17 |       0 |   0.0
        D:2 |      54 |      26 |  32.5 |      12 |       2 |  14.3
        D:3 |      17 |      36 |  67.9 |       9 |       1 |  10.0
            +---------+---------+-------+---------+---------+-------
